 Dungeon Crawl Stone Soup version 0.20.0-4-g10b340a (webtiles) character file.

3561 skittles the Blocker (level 9, -1/70 HPs)
             Began as a Yellow Draconian Fire Elementalist on May 27, 2017.
             Was a Follower of Vehumet.
             Slain by Erica
             ... wielding a +3 scimitar of flaming
              (12 damage)
             ... on level 8 of the Dungeon.
             The game lasted 00:32:13 (10725 turns).

skittles the Blocker (DrFE)                        Turns: 10725, Time: 00:32:14

Health: -1/70      AC:  8    Str: 12    XL:     9   Next: 83%
Magic:  4/14       EV: 11    Int: 18    God:    Vehumet [*.....]
Gold:   187        SH: 13    Dex: 11    Spells: 7/15 levels left

rFire    + + .     SeeInvis +   L - +0 falchion (slice)
rCold    + + .     Gourm    .   w - +2 shield of Resistance {rF+ rC+ MR+}
rNeg     + . .     Faith    .   (armour unavailable)
rPois    +         Spirit   .   (helmet restricted)
rElec    +         Reflect  .   (no cloak)
rCorr    +         Harm     .   k - +0 pair of gloves
MR       +....                  (no boots)
Stlth    ++........             (no amulet)
Regen    0.3/turn               o - ring of positive energy
MPRegen  0.2/turn               r - ring of see invisible

@: resistant
A: spit acid, acid resistance, unfitting armour, cold-blooded, AC +7
a: Breathe Acid, Renounce Religion


You were on level 8 of the Dungeon.
You worshipped Vehumet.
Vehumet was aware of your devotion.
You were not hungry.

You visited 2 branches of the dungeon, and saw 9 of its levels.
You also visited: Ossuary.

You collected 578 gold pieces.
You spent 391 gold pieces at shops.

Inventory:

Hand Weapons
 c - a +0 club
 v - a +0 vampiric spear
 L - a +0 falchion of slicing (weapon)
 P - a +0 spear
Armour
 k - a +0 pair of gloves (worn)
 w - the +2 shield of Resistance (worn) {rF+ rC+ MR+}
   (You found it on level 4 of the Dungeon)

   It protects you from fire.
   It protects you from cold.
   It affects your resistance to hostile enchantments.
 M - the +1 buckler "Plog" {rF- Dex+3 SInv Stlth+}
   (You found it on level 7 of the Dungeon)

   It affects your dexterity (+3).
   It makes you vulnerable to fire.
   It lets you see invisible.
   It makes you more stealthy.
Jewellery
 o - a ring of positive energy (left hand)
 r - a ring of see invisible (right hand)
Wands
 n - a wand of clouds (3/9)
 z - a wand of clouds (7/9)
 J - a wand of flame (20/48)
 K - a wand of lightning (1/15)
Scrolls
 b - 4 scrolls of random uselessness {unknown}
 d - 4 scrolls of amnesia
 e - 4 scrolls of enchant armour {unknown}
 g - 3 scrolls of immolation {unknown}
 i - 5 scrolls of teleportation {unknown}
 j - 2 scrolls of noise {unknown}
 l - 3 scrolls of recharging {unknown}
 p - 10 scrolls of remove curse
 y - 4 scrolls of blinking
 G - 2 scrolls of enchant weapon
 I - a scroll of identify
Potions
 f - 5 potions of curing
 m - 2 potions of berserk rage
 q - 3 potions of lignification
 s - 3 potions of haste
 t - 2 potions of cancellation
 u - a potion of might
 x - a potion of flight
 A - 2 potions of resistance
 B - a potion of agility
 C - 2 potions of ambrosia
 D - a potion of brilliance
Books
 a - a book of Flames

   Spells                             Type                      Level
   a - Flame Tongue                   Conjuration/Fire             1
   b - Throw Flame                    Conjuration/Fire             2
   c - Conjure Flame                  Conjuration/Fire             3
   d - Inner Flame                    Hexes/Fire                   3
   e - Sticky Flame                   Conjuration/Fire             4
   f - Fireball                       Conjuration/Fire             5
 E - a book of Changes

   Spells                             Type                      Level
   a - Beastly Appendage              Transmutation                1
   b - Sticks to Snakes               Transmutation                2
   c - Spider Form                    Transmutation/Poison         3
   d - Ice Form                       Ice/Transmutation            4
   e - Blade Hands                    Transmutation                5
Comestibles
 h - 11 royal jellies
 F - 3 bread rations
 H - 3 fruits
 N - 3 meat rations


   Skills:
 + Level 3.3 Fighting
 - Level 1.7 Dodging
 - Level 1.7 Stealth
 + Level 10.2 Shields
 + Level 3.6 Spellcasting
 + Level 5.9 Conjurations
 + Level 6.8 Fire Magic


You had 7 spell levels left.
You knew the following spells:

 Your Spells              Type           Power        Failure   Level  Hunger
a - Flame Tongue          Conj/Fire      ####.        1%          1    None
b - Conjure Flame         Conj/Fire      ####....     6%          3    ###....
c - Sticky Flame          Conj/Fire      ####....     21%         4    ####...


Dungeon Overview and Level Annotations

Branches:
Dungeon (8/15)             Temple (1/1) D:5
   Lair: D:8-11

Altars:
Ashenzari
Cheibriados
Dithmenos
Elyvilon
Fedhas
Gozag
Hepliaklqana
Kikubaaqudgha
Makhleb
Nemelex Xobeh
Okawaru
Qazlal
Ru
Trog
Uskayaw
Vehumet
Xom
Yredelemnul
Zin
The Shining One

Shops:
D:4 (   D:5 ?!?   D:8 [

Annotations:
D:8 Erica


Innate Abilities, Weirdness & Mutations

You can spit globs of acid.
You are resistant to acid.
Your golden yellow scales are hard. (AC +7)
You cannot fit into any form of body armour.
You are cold-blooded and may be slowed by cold attacks.


Message History

Erica is lightly wounded.
Casting: Flame Tongue
Confirm with . or Enter, or press ? or * to list all spells.
Aiming: Sticky Flame
Press: ? - help, Shift-Dir - straight line, f/p - Erica
Aim: Erica, wielding a scimitar of flaming and wearing an embroidered robe (lightly wounded)
The sticky flame hits Erica.
Erica is lightly wounded.
Erica is covered in liquid flames!
Erica burns!
You hit Erica.
Erica is moderately wounded.
Erica burns!
Erica misses you.
You riposte.
You slash Erica!
Your tail-slap misses Erica.
Erica is heavily wounded.
Erica barely misses you.
You hit Erica but do no damage.
Erica is heavily wounded.
Erica burns!
Erica hits you with a scimitar of flaming!
You die...

#.. #.. ######### #...
#.......# #... #.......#
#.... #.......#
##....######.......#+##+
........................
......@@................
........................
.......................)
###########............†
#.............
#.............
#.............
#.)...........
#.............


You could see Erica (burning).

Vanquished Creatures
  An unseen horror (D:7)
  Prince Ribbit (D:7)
  A black bear (D:6)
  5 sky beasts
  4 ogres
  A phantom (D:4)
  2 centaurs
  2 big kobolds
  The ghost of asdu the Chopper, an amateur VSGl (D:3)
  3 bullfrogs
  3 scorpions
  A howler monkey (D:6)
  A centaur zombie (D:5)
  An orc priest (D:8)
  8 hounds
  A gnoll shaman (D:7)
  3 jellies (D:8)
  A bullfrog skeleton (D:6)
  5 iguanas
  3 worker ants
  2 orc wizards (D:7)
  3 big kobold zombies (Ossuary)
  A hound skeleton (D:7)
  4 mummies (Ossuary)
  Robin (D:3)
  A howler monkey skeleton (D:4)
  7 adders
  5 gnolls (D:7)
  2 shadow imps
  5 oozes (D:8)
  An adder zombie (D:7)
  2 adder skeletons
  3 worms
  4 dart slugs
  6 leopard geckos
  14 orcs
  3 ball pythons
  7 bats
  3 giant cockroaches
  A gnoll zombie (Ossuary)
  18 hobgoblins
  5 jackals
  3 quokkas
  5 frilled lizards
  27 goblins
  A goblin zombie (Ossuary)
  15 kobolds
  2 kobold zombies (Ossuary)
  An orc zombie (Ossuary)
  A quokka zombie (D:6)
  9 rats
210 creatures vanquished.

Vanquished Creatures (others)
  A bullfrog zombie (D:8)
1 creature vanquished.

Grand Total: 211 creatures vanquished

Notes
Turn   | Place    | Note
-------+----------+-------------------------------------------
     0 | D:1      | skittles the Draconian Fire Elementalist began the quest for the Orb.
     0 | D:1      | Reached XP level 1. HP: 14/14 MP: 3/3
   243 | D:1      | Reached XP level 2. HP: 19/20 MP: 0/5
   751 | D:1      | Reached XP level 3. HP: 24/26 MP: 3/6
   761 | D:1      | Learned a level 3 spell: Conjure Flame
  2024 | D:2      | Found an ancient bone altar of Kikubaaqudgha.
  2060 | D:2      | Reached XP level 4. HP: 30/33 MP: 7/7
  2499 | D:2      | Found a blossoming altar of Fedhas.
  2502 | D:2      | Found a shattered altar of Ashenzari.
  2503 | D:2      | Found a shadowy altar of Dithmenos.
  2564 | D:3      | Noticed asdu's ghost (amateur VSGl)
  2628 | D:3      | Found an opulent altar of Gozag.
  2660 | D:3      | Noticed Robin
  2924 | D:3      | Killed Robin
  3049 | D:3      | Reached XP level 5. HP: 34/38 MP: 8/8
  3064 | D:3      | Reached skill level 5 in Fire Magic
  3557 | D:2      | Learned a level 4 spell: Sticky Flame
  4335 | D:3      | Killed asdu's ghost
  4335 | D:3      | Reached XP level 6. HP: 35/45 MP: 2/9
  5031 | D:4      | Reached skill level 5 in Conjurations
  5082 | D:4      | Found a stormy altar of Qazlal.
  5119 | D:4      | Reached skill level 1 in Shields
  5164 | D:4      | Found a sand-covered staircase.
  5169 | Ossuary  | Entered an ossuary
  5212 | Ossuary  | Your scales start taking on a golden yellow colour.
  5212 | Ossuary  | Reached XP level 7. HP: 50/50 MP: 3/10
  5505 | Ossuary  | Reached skill level 2 in Shields
  5727 | D:4      | Reached skill level 3 in Shields
  5867 | D:4      | Found Bihaoni's Weapon Shop.
  6140 | D:5      | Entered Level 5 of the Dungeon
  6175 | D:5      | Reached skill level 4 in Shields
  6439 | D:5      | Found Begiczer's Magic Scroll Emporium.
  6473 | D:5      | HP: 2/50 [poisoned by an adder]
  6685 | D:5      | Bought a scroll of blinking for 112 gold pieces
  6685 | D:5      | Bought a scroll of remove curse for 45 gold pieces
  6685 | D:5      | Bought a scroll of blinking for 112 gold pieces
  6685 | D:5      | Bought a scroll of identify for 30 gold pieces
  6685 | D:5      | Bought a scroll of amnesia for 52 gold pieces
  6704 | D:5      | Found Vuuluwkavva's Distillery.
  6708 | D:5      | Reached skill level 5 in Shields
  6916 | D:5      | Reached XP level 8. HP: 35/57 MP: 3/11
  7005 | D:5      | Reached skill level 6 in Shields
  7253 | D:5      | Found Duny's Magic Scroll Boutique.
  7262 | D:5      | Bought a scroll of identify for 20 gold pieces
  7262 | D:5      | Bought a scroll of identify for 20 gold pieces
  7480 | D:5      | Found a staircase to the Ecumenical Temple.
  7488 | D:5      | Reached skill level 7 in Shields
  7512 | Temple   | Entered the Ecumenical Temple
  7609 | Temple   | Became a worshipper of Vehumet
  8107 | D:6      | Reached skill level 8 in Shields
  8515 | D:7      | Reached skill level 9 in Shields
  8550 | D:7      | Reached XP level 9. HP: 25/62 MP: 4/12
  8861 | D:7      | Got a jewelled buckler
  8926 | D:7      | Identified the +1 buckler "Plog" {rF- Dex+3 SInv Stlth+} (You found it on level 7 of the Dungeon)
  9066 | D:7      | Reached * piety under Vehumet
  9066 | D:7      | Offered knowledge of Freeze by Vehumet.
  9320 | D:7      | Noticed Prince Ribbit
  9336 | D:7      | Killed Prince Ribbit
  9336 | D:7      | Reached skill level 1 in Fighting
  9375 | D:7      | Noticed an unseen horror
  9676 | D:7      | Killed an unseen horror
  9676 | D:7      | Reached skill level 10 in Shields
  9837 | D:7      | Found a stormy altar of Qazlal.
 10587 | D:8      | Found Zuodonwu's Armour Emporium.
 10716 | D:8      | Noticed Erica
 10725 | D:8      | Slain by Erica

Skill      XL: |  1  2  3  4  5  6  7  8  9 |
---------------+----------------------------+-----
Conjurations   | 2 3 4 5 |  5.9
Fire Magic     | 4 5 6 |  6.8
Shields        | 1 5 9 10 | 10.2
Fighting       | 3 |  3.3
Spellcasting   | 3 |  3.6
Dodging        | |  1.7
Stealth        | |  1.7

Action                   |  1- 3 |  4- 6 |  7- 9 || total
-------------------------+-------+-------+-------++-------
Melee: Club              |   135 |   101 |       ||   236
       Tailslap          |    11 |    12 |    53 ||    76
       Spear             |       |    70 |   301 ||   371
       Falchion          |       |       |   117 ||   117
 Cast: Flame Tongue      |    67 |    75 |   213 ||   355
       Conjure Flame     |       |     4 |     9 ||    13
       Sticky Flame      |       |     2 |     3 ||     5
  Use: Scroll            |       |       |    11 ||    11
       Potion            |       |       |     3 ||     3
 Stab: Sleeping          |     2 |       |     4 ||     6
       Distracted        |       |       |     1 ||     1
  Eat: Chunk             |     5 |     3 |    19 ||    27
       Royal jelly       |       |     2 |       ||     2
       Meat ration       |       |     1 |       ||     1
       Bread ration      |       |     1 |     1 ||     2
Armor: Skin              |    99 |    66 |   118 ||   283
Dodge: Dodged            |   161 |   157 |   140 ||   458
Block: Shield            |       |     1 |   284 ||   285
       Rpst.: Falchion   |       |       |    29 ||    29
